 Dungeon Crawl Stone Soup version 0.29.1-1-gd02db6906a (webtiles) character file.

Game seed: 8682158823145960736

3154 inmateoo the Cruncher (level 9, -6/79 HPs)
             Began as a Minotaur Gladiator on Sept 24, 2022.
             Mangled by a two-headed ogre
             ... wielding a +0 giant club
              (25 damage)
             ... on level 7 of the Dungeon.
             The game lasted 00:06:39 (6800 turns).

inmateoo the Cruncher (Minotaur Gladiator)          Turns: 6800, Time: 00:06:40

Health: -6/79      AC: 14    Str: 19    XL:     9   Next: 62%
Magic:  8/8        EV: 14    Int:  5    God:
Gold:   421        SH:  0    Dex: 16    Spells: 8/8 levels left

rFire   . . .      SeeInvis .   d - +5 quarterstaff (chaos)
rCold   . . .      Faith    .   (shield currently unavailable)
rNeg    . . .      Spirit   .   i - +0 ring mail
rPois   +          Reflect  .   c - +1 hat
rElec   .          Harm     .   r - +0 cloak
rCorr   .          Rampage  .   j - +0 pair of gloves
Will    .....                   (no boots)
Stlth   +.........              g - amulet of magic regeneration
HPRegen 0.23/turn               l - +4 ring of protection
MPRegen 0.51/turn               y - ring of poison resistance

@: no status effects
A: horns 2, retaliatory headbutt
a: no special abilities


You were on level 7 of the Dungeon.
You visited 2 branches of the dungeon, and saw 8 of its levels.

You collected 421 gold pieces.

Inventory:

Hand Weapons
 a - a +0 quarterstaff
 d - a +5 quarterstaff of chaos (weapon)
Missiles
 e - 12 javelins
 t - 5 throwing nets (quivered)
Armour
 c - a +1 hat (worn)
 i - a +0 ring mail (worn)
 j - a +0 pair of gloves (worn)
 p - the +3 leather armour of Dim Light {Rampage rF- rN++ Stlth+}
   (You found it on level 3 of the Dungeon)

   rF:        It makes you vulnerable to fire.
   rN:        It greatly protects you from negative energy.
   Rampage:   It bestows one free step when moving towards enemies.
   Stlth:     It makes you more stealthy.
 r - a +0 cloak (worn)
Jewellery
 g - an amulet of magic regeneration (around neck)
 l - a +4 ring of protection (left hand)
 y - a ring of poison resistance (right hand)
Wands
 q - a wand of charming (7)
 u - a wand of polymorph (10)
 A - a wand of flame (11)
Scrolls
 m - 4 scrolls of teleportation
 w - a scroll of magic mapping
 z - a scroll of noise {unknown}
 B - a scroll of poison
Potions
 b - a potion of flight
 f - a potion of haste {unknown}
 h - 2 potions of mutation
 n - 3 potions of curing
 o - a potion of berserk rage
 s - a potion of cancellation
 x - 2 potions of might {unknown}


   Skills:
 + Level 7.6 Fighting
 * Level 10.9 Staves
 - Level 2.0 Throwing
 + Level 7.1 Armour
 + Level 7.4 Dodging


You had 8 spell levels left.
You didn't know any spells.
Your spell library contained the following spells:

 Spells                   Type           Power      Damage    Failure   Level
 Ensorcelled Hibernation  Hex/Ice        0%         N/A       78%         2
 Sublimation of Blood     Necr           0%         N/A       78%         2
 Wereblood                Tmut           0%         N/A       78%         2
 Spider Form              Tmut/Pois      0%         N/A       95%         3
 Anguish                  Hex/Necr       0%         N/A       100%        4
 Summon Hydra             Summ           0%         N/A       100%        7


Dungeon Overview and Level Annotations

Branches:
Dungeon (7/15)             Temple (1/1) D:6

Altars:
Ashenzari
Cheibriados
Fedhas
Makhleb
Qazlal
Sif Muna
Trog
Uskayaw
Vehumet
Wu Jian
Xom
Zin
The Shining One

Shops:
D:6 *


Innate Abilities, Weirdness & Mutations

You have a pair of horns on your head.
You reflexively headbutt those who attack you in melee.


Message History

You throw a throwing net.
The throwing net hits the two-headed ogre.
The two-headed ogre is caught in the net!
The two-headed ogre is lightly wounded.
The two-headed ogre struggles against the net.
Aiming: Quicksilver Bolt
Press: ? - help, Shift-Dir - straight line, f - orc wizard, p - two-headed ogre
Aim: an orc wizard, wielding a +0 dagger and wearing a +0 robe (64% to hit)
The bolt of dispelling energy hits the two-headed ogre!
The two-headed ogre is moderately wounded.
The bolt of dispelling energy hits the orc wizard!
The orc wizard is almost dead.
The two-headed ogre struggles against the net.
Aiming: Quicksilver Bolt
Press: ? - help, Shift-Dir - straight line, f/p - orc wizard
Aim: an orc wizard, wielding a +0 dagger and wearing a +0 robe (almost dead, 64% to hit)
The bolt of dispelling energy hits the two-headed ogre!
The two-headed ogre is heavily wounded.
The bolt of dispelling energy hits the orc wizard!
You kill the orc wizard!
The two-headed ogre struggles against the net.
Aiming: Quicksilver Bolt
Press: ? - help, Shift-Dir - straight line, f - two-headed ogre
Aim: a two-headed ogre, wielding two +0 giant clubs (heavily wounded, entangled in a net, 100% to hit)
The bolt of dispelling energy hits the two-headed ogre!
The two-headed ogre is severely wounded.
The bolt of dispelling energy hits the orc!!
You kill the orc!
The now-empty wand crumbles to dust.
The two-headed ogre struggles against the net.
The net rips apart, and the two-headed ogre comes free!
Aiming: Throw Flame
Press: ? - help, Shift-Dir - straight line, f/p - two-headed ogre
Aim: a two-headed ogre, wielding two +0 giant clubs (severely wounded, 85% to hit)
The puff of flame misses the two-headed ogre.
You barely miss the two-headed ogre.
You headbutt the two-headed ogre, but do no damage.
The two-headed ogre is severely wounded.
The two-headed ogre hits you with a +0 giant club!!
You die...

########.###
#.# #.#
####.#
...####
####....#
.......
#....####
..o....
###.####
.......
#...#
.......
#@###
.....o. #O#
.......##o#
.....o..oo#
.......>###
........#
#######.#
#.# #.#


You could see a two-headed ogre and 3 orcs.

Vanquished Creatures
  Pikel (D:4)
  An unseen horror (D:6)
  Sigmund (D:4)
  Edmund (D:5)
  A water moccasin (D:6)
  2 ice beasts
  A sky beast (D:6)
  A black bear (D:4)
  2 ogres
  A centaur (D:5)
  A lemure (D:3)
  A phantom (D:5)
  Blork the orc (D:5)
  A kobold brigand (D:7)
  A bullfrog (D:6)
  6 electric eels (D:6)
  7 hounds
  A gnoll bouda (D:6)
  A jelly (D:5)
  Crazy Yiuf (D:4)
  3 orc priests
  An iron imp (D:5)
  3 iguanas
  4 orc wizards
  A statue (D:3)
  9 adders
  8 gnolls (D:6)
  A river rat (D:4)
  2 white imps (D:6)
  An ufetubus (D:5)
  3 dart slugs
  20 orcs
  5 bats
  8 endoplasms
  5 giant cockroaches
  8 goblins
  2 hobgoblins
  12 jackals
  5 quokkas
  4 ball pythons
  2 frilled lizards
  17 kobolds
  10 rats
167 creatures vanquished.

Vanquished Creatures (others)
  5 plants (D:6)
5 creatures vanquished.

Grand Total: 172 creatures vanquished

Notes
Turn   | Place    | Note
-------+----------+-------------------------------------------
     0 | D:1      | inmateoo the Minotaur Gladiator began the quest for the
                  | Orb.
     0 | D:1      | Reached XP level 1. HP: 18/18 MP: 0/0
    26 | D:1      | Reached XP level 2. HP: 17/25 MP: 1/1
    27 | D:1      | Reached skill level 4 in Staves
   244 | D:1      | Reached skill level 1 in Armour
   524 | D:1      | Reached XP level 3. HP: 24/30 MP: 2/2
   639 | D:1      | Found a faded altar of an unknown god.
   942 | D:2      | Found a broken altar of Ashenzari.
  1157 | D:2      | Identified the +3 ring mail of Zuiheod {Rampage rCorr}
  1372 | D:3      | Found a radiant altar of Vehumet.
  1372 | D:3      | Noticed a charred statue
  1381 | D:3      | Reached XP level 4. HP: 38/38 MP: 3/3
  1491 | D:3      | Identified the +3 leather armour of Dim Light {Rampage rF-
                  | rN++ Stlth+}
  1671 | D:3      | Reached skill level 5 in Staves
  1942 | D:3      | Killed a charred statue
  1992 | D:4      | Noticed a lemure
  1992 | D:4      | Noticed Pikel
  1994 | D:4      | Noticed a lemure
  2021 | D:3      | Killed a lemure
  2070 | D:4      | Reached XP level 5. HP: 22/45 MP: 4/4
  2281 | D:4      | Noticed Sigmund
  2301 | D:4      | Killed Sigmund
  2302 | D:4      | Reached skill level 6 in Staves
  2302 | D:4      | Reached XP level 6. HP: 38/52 MP: 5/5
  2317 | D:4      | Found a blossoming altar of Fedhas.
  2438 | D:4      | Found a runed translucent door.
  2439 | D:4      | Noticed Crazy Yiuf
  2482 | D:4      | Killed Crazy Yiuf
  2677 | D:4      | Killed Pikel
  2678 | D:4      | Reached skill level 5 in Fighting
  2678 | D:4      | Reached skill level 7 in Staves
  2678 | D:4      | Reached skill level 5 in Dodging
  2678 | D:4      | Reached XP level 7. HP: 15/61 MP: 6/6
  3382 | D:5      | Entered Level 5 of the Dungeon
  3420 | D:5      | Reached XP level 8. HP: 45/69 MP: 7/7
  3647 | D:5      | Noticed Edmund
  3652 | D:5      | Reached skill level 8 in Staves
  3658 | D:5      | Killed Edmund
  3659 | D:5      | Reached skill level 5 in Armour
  3891 | D:5      | Noticed Blork the orc
  3910 | D:5      | Killed Blork the orc
  4061 | D:5      | Reached skill level 9 in Staves
  4096 | D:5      | Found a snail-covered altar of Cheibriados.
  4387 | D:5      | Found a stormy altar of Qazlal.
  4388 | D:5      | Noticed an air elemental
  4888 | D:6      | Reached XP level 9. HP: 78/78 MP: 8/8
  4890 | D:6      | Found a staircase to the Ecumenical Temple.
  4992 | Temple   | Entered the Ecumenical Temple
  5187 | D:6      | Found Jitoddya's Assorted Antiques.
  5197 | D:6      | Reached skill level 10 in Staves
  5609 | D:6      | Killed an unseen horror
  6784 | D:7      | Noticed a two-headed ogre
  6800 | D:7      | Mangled by a two-headed ogre

Illustrated notes

Levels and vault maps discovered:
D:1:      dpeg_arrival_lava_temple_mockup, layout_rooms,
          shapermc_ecumenical_altar_mp_highgroup
D:2:      layout_basic, basic_altar, minmay_bisected
D:3:      layout_basic, vehumet_statue, kennysheep_another_room
D:4:      layout_basic, fedhas_altar_2, portal_sewer_entry_e, uniq_sigmund,
          uniq_crazy_yiuf_cottage, uniq_pikel
D:5:      layout_loops_ring, chei_slow_surprise,
          nicolae_qazlal_style_of_elements, uniq_blork_the_orc, uniq_edmund
D:6:      cheibrodos_two_vegetables, layout_rooms,
          minmay_temple_entry_gardened_gates, nicolae_take_the_stairs,
          minivault_19, kennysheep_cross_bottleneck
D:7:      layout_basic, uniq_maggie
Temple:   nicolae_temple_ecumenical_triangle

Skill      XL: |  1  2  3  4  5  6  7  8  9 |
---------------+----------------------------+-----
Staves         | 4 5 6 7 9 10 | 10.9
Armour         | 1 2 3 4 6 7 |  7.1
Fighting       | 3 4 5 6 7 |  7.6
Dodging        | 4 5 6 7 |  7.4
Throwing       | |  2.0

Action                   |  1- 3 |  4- 6 |  7- 9 || total
-------------------------+-------+-------+-------++-------
Melee: Quarterstaff      |   101 |    94 |   174 ||   369
       Headbutt          |     9 |    13 |    34 ||    56
Throw: Throwing net      |       |     3 |     1 ||     4
Evoke: Wand              |       |     3 |    12 ||    15
  Use: Scroll            |       |    10 |     7 ||    17
       Potion            |       |       |     2 ||     2
 Stab: Paralysed         |       |       |     2 ||     2
Armor: Leather armour    |    19 |       |       ||    19
       Ring mail         |    13 |    34 |    71 ||   118
Dodge: Dodged            |    67 |    46 |   123 ||   236
